 Dungeon Crawl Stone Soup version 0.28-a0-268-g3f656e82c2 (webtiles) character file.

Game seed: 6321419535150392981

200144 McIrco the Hoplite (level 18, -3/250 HPs)
             Began as a Minotaur Fighter on Aug 28, 2021.
             Was an Initiate of Gozag.
             Slain by a wolf spider (6 damage)
             ... on level 2 of the Spider Nest.
             The game lasted 01:15:17 (33996 turns).

McIrco the Hoplite (Minotaur Fighter)              Turns: 33996, Time: 01:15:18

Health: -3/250     AC: 40    Str: 26    XL:     18   Next: 26%
Magic:  17/17      EV: 11    Int:  6    God:    Gozag
Gold:   8985       SH:  0    Dex: 22    Spells: 17/17 levels left

rFire   . . .      SeeInvis .   s - +11 mace of Zosoxzuets {drain, rElec rN+ Str-2 Dex+3}
rCold   + . .      Faith    .   U - +0 tower shield
rNeg    + . .      Spirit   .   q - +2 crystal plate armour {rC+}
rPois   +          Reflect  .   a - +2 hat
rElec   +          Harm     .   m - +2 cloak {Will+}
rCorr   .          Rampage  ∞   u - +2 pair of gloves {Str+3}
Will    ++...                   S - +3 pair of seven-league boots {Rampage+∞}
Stlth   ..........              e - amulet of regeneration
HPRegen 1.51/turn               Y - ring of poison resistance
MPRegen 0.15/turn               v - +6 ring of dexterity

@: confused, berserking, lethally poisoned (-3 -> -4), slowed
A: horns 2, retaliatory headbutt
a: Renounce Religion, Potion Petition, Call Merchant, Bribe Branch


You were on level 2 of the Spider Nest.
You worshipped Gozag.
Gozag was greatly pleased with you.
You visited 7 branches of the dungeon, and saw 30 of its levels.
You also visited: Ice Cave.

You collected 11300 gold pieces.
You spent 1855 gold pieces at shops.
You paid 460 gold pieces to Gozag.

Inventory:

Hand Weapons
 s - the +11 mace of Zosoxzuets (weapon) {drain, rElec rN+ Str-2 Dex+3}
   (You found it on level 5 of the Dungeon)

   A truly terrible weapon, it drains the life of any living foe it strikes.
   Str:       It affects your strength (-2).
   Dex:       It affects your dexterity (+3).
   rElec:     It insulates you from electricity.
   rN:        It protects you from negative energy.
Armour
 a - a +2 hat (worn)
 m - a +2 cloak of willpower (worn)
 q - a +2 crystal plate armour of cold resistance (worn)
 t - a scarf of repulsion
 u - a +2 pair of gloves of strength (worn)
 O - a +3 plate armour of willpower
 S - the +3 pair of seven-league boots (worn) {Rampage+∞}
   (You found it on level 4 of the Lair of Beasts)

   Its wearer moves as far as possible in that direction when moving towards
   enemies.
 U - a +0 tower shield (worn)
Jewellery
 e - an amulet of regeneration (around neck)
 k - a ring of resist corrosion
 v - a +6 ring of dexterity (right hand)
 V - a ring of protection from cold
 X - a ring of protection from fire
 Y - a ring of poison resistance (left hand)
Wands
 o - a wand of flame (95)
 p - a wand of digging (20)
 B - a wand of paralysis (23)
 H - a wand of polymorph (18)
 M - a wand of acid (21)
Scrolls
 j - 7 scrolls of magic mapping
 l - 10 scrolls of teleportation
 r - 4 scrolls of identify
 w - 2 scrolls of fear
 x - 3 scrolls of holy word
 C - 5 scrolls of immolation
 F - 2 scrolls of brand weapon
 I - 2 scrolls of enchant weapon
 K - a scroll of fog
 L - 3 scrolls of enchant armour
 N - 3 scrolls of blinking
 Q - a scroll of summoning
Potions
 c - 5 potions of heal wounds
 d - 5 potions of cancellation
 f - 4 potions of ambrosia
 g - a potion of berserk rage
 i - 5 potions of lignification
 n - 9 potions of flight
 z - a potion of brilliance
 A - 3 potions of magic
 E - 9 potions of curing
 G - 2 potions of invisibility
 J - 2 potions of attraction
 R - 3 potions of mutation
Miscellaneous
 h - a phantom mirror
 y - a phial of floods (inert)
 D - a condenser vane (inert)
 P - a piece from Xom's chessboard (15/15)
 W - a tin of tremorstones (2/2)


   Skills:
 + Level 16.3 Fighting
 - Level 2.4(9.5) Axes
 - Level 13.9(14.0) Maces & Flails
 + Level 16.4 Armour
 + Level 9.8 Dodging
 + Level 23.1 Shields
 - Level 8.0 Evocations


You had 17 spell levels left.
You didn't know any spells.
Your spell library contained the following spells:

 Spells                   Type           Power      Damage    Failure   Level
 Animate Skeleton         Necr           0%         N/A       100%        1
 Apportation              Tloc           0%         N/A       100%        1
 Corona                   Hex            0%         N/A       100%        1
 Freeze                   Ice            0%         1d3       100%        1
 Summon Small Mammal      Summ           0%         N/A       100%        1
 Blink                    Tloc           N/A        N/A       100%        2
 Corpse Rot               Necr/Air       N/A        N/A       100%        2
 Poisonous Vapours        Pois/Air       0%         N/A       100%        2
 Searing Ray              Conj           0%         3d3       100%        2
 Static Discharge         Conj/Air       0%         N/A       100%        2
 Frozen Ramparts          Ice            0%         1d2       100%        3
 Lesser Beckoning         Tloc           0%         N/A       100%        3
 Stone Arrow              Conj/Erth      0%         3d7       100%        3
 Swiftness                Air            0%         N/A       100%        3
 Dispel Undead            Necr           0%         3d6       100%        4
 Hailstorm                Conj/Ice       0%         3d3       100%        4
 Leda's Liquefaction      Hex/Erth       0%         N/A       100%        4
 Petrify                  Tmut/Erth      0%         N/A       100%        4
 Sticky Flame             Conj/Fire      0%         2d3       100%        4
 Bolt of Magma            Conj/Fire/Erth 0%         4d4       100%        5
 Freezing Cloud           Conj/Ice/Air   0%         6-21      100%        5
 Manifold Assault         Tloc           0%         N/A       100%        5
 Metabolic Englaciation   Hex/Ice        0%         N/A       100%        5
 Statue Form              Tmut/Erth      0%         N/A       100%        6
 Maxwell's Capacitive Co  Air            0%         ∞         100%        8
 Shatter                  Erth           0%         3d5*      100%        9


Dungeon Overview and Level Annotations

Branches:
Dungeon (15/15)            Temple (0/1) D:5            Lair (6/6) D:11
  Swamp (1/4) Lair:3       Spider (3/4) Lair:3        Slime (0/5) Lair:5
    Orc (2/2) D:11            Elf (1/3) Orc:2        Vaults (0/5) D:13
 Depths (2/5) D:15          IceCv (visited)

Altars:
Ashenzari
Dithmenos
Elyvilon
Fedhas
Gozag
Kikubaaqudgha
Okawaru
Trog
Vehumet
Wu Jian
Yredelemnul
Beogh
Jiyva

Shops:
D:4 =[   D:9 =   D:11 :   D:12 *   D:15 ?   Orc:2 [?(!   Depths:1 :=:?
Depths:2 (

Portals:
Hell: Depths:1
Abyss: Depths:1

Annotations:
D:11 exclusion: obsidian statue
Lair:5 4 runed translucent doors, Ycoiwk's ghost, journeyman OpVM
Lair:6 2 runed translucent doors


Innate Abilities, Weirdness & Mutations

You have a pair of horns on your head.
You reflexively headbutt those who attack you in melee.


Message History

Unknown command.
You miss the moth of wrath. Your headbutt misses the moth of wrath.
The moth of wrath is heavily wounded.
The tarantella barely misses you.
The hornet stings you but does no damage.
The wolf spider hits you but does no damage.
The wolf spider bites you but does no damage.
The wolf spider hits you but does no damage.
The wolf spider closely misses you.
Unknown command.
Unknown command.
You bump into the rock wall.
You feel sick. The tarantella closely misses you. The hornet barely misses you.
The wolf spider hits you but does no damage.
The wolf spider bites you but does no damage.
The moth of wrath barely misses you. The wolf spider hits you!
* * * LOW HITPOINT WARNING * * *
The wolf spider misses you.
The jumping spider leaps!
The tarantella bites you but does no damage.
The hornet stings you but does no damage.
Unknown command.
Unknown command.
Unknown command.
Okay, then.
Unknown command.
Unknown command.
You are too berserk!
You sock the moth of wrath! You headbutt the moth of wrath.
The moth of wrath is severely wounded.
You feel sick.
The wolf spider hits you but does no damage.
The wolf spider bites you but does no damage.
The wolf spider barely misses you. The wolf spider bites you!
* * * LOW HITPOINT WARNING * * *
The moth of wrath bites you but does no damage.
The tarantella closely misses you. The hornet stings you.
* * * LOW HITPOINT WARNING * * *
You feel yourself slow down. The wolf spider hits you.
You die...
Your body crumbles into a pile of gold.

#.............####
###...........#..#
#.#..............#
#...^.####...#..##
#.....#.#####^...#####
#........##.###...^..#
#..#..........##.....#####
#..#..........##ys..##...#
#..##.###......#@........#
########.......ssy......###
## ####........(....#.######.
#..###.^##..##.....#.##.#.
###..##...#............#...
#.#^..#°.###...............
#^.........#.....^...^#....
#.......^..#.#..#.#....#...
###..###.###.....^..##.#..^.#


You could see 2 wolf spiders, a moth of wrath, a hornet (berserk, drained) and a
tarantella (berserk).

Vanquished Creatures
  Bai Suzhen (Spider:3)
  An Ice Fiend (IceCv)
  Jorgrun (Spider:3)
  A lich (Depths:1)
  Donald (Spider:1)
  2 frost giants
  A ghost moth (Spider:1)
  A fire giant (Depths:2)
  An orc warlord (Orc:2)
  A deep elf sorcerer (Orc:2)
  A stone giant (Depths:1)
  14 very ugly things
  Nessos (Lair:6)
  A spark wasp (Spider:2)
  3 fire dragons (Depths:1)
  The ghost of Jano the Thaumaturge, a journeyman DjCj of Elyvilon (Orc:2)
  An eleionoma (Swamp:1)
  2 ettins
  Snorg (D:14)
  A shambling mangrove (Swamp:1)
  Josephine (D:10)
  16 hydras
  3 boulder beetles
  Erica (Lair:2)
  2 ice dragons (Depths:1)
  A caustic shrike simulacrum (IceCv)
  23 two-headed ogres
  3 catoblepae
  3 centaur warriors
  5 ogre magi
  An alligator (Swamp:1)
  3 deep troll earth magi (Depths:1)
  2 death yaks (Lair:2)
  3 tengu warriors
  An orc high priest (Elf:1)
  7 spriggans (Swamp:1)
  A hell knight (D:15)
  2 iron trolls (Depths:1)
  A deep elf knight (Orc:2)
  A fire crab (Lair:6)
  A skeletal warrior (D:13)
  A flayed ghost (Depths:1)
  7 deep trolls
  A goliath frog (Swamp:1)
  A bog body (Swamp:1)
  An orange crystal statue (D:14)
  An obsidian statue (IceCv)
  2 necromancers
  2 wizards
  A lindwurm (Lair:6)
  Pikel (D:7)
  9 deep elf pyromancers
  A deep elf archer (Elf:1)
  7 wolf spiders
  4 deep elf zephyrmancers
  2 cyclopes
  4 orb spiders
  5 orc sorcerers
  20 ugly things
  2 manticores
  9 oklob plants
  A will-o-the-wisp (Swamp:1)
  11 black mambas
  5 elephants (Lair:6)
  An ice statue (D:14)
  2 molten gargoyles (Lair:6)
  4 torpor snails
  A black mamba (shapeshifter) (D:13)
  9 cane toads
  4 yaktaurs (D:13)
  7 demonic crawlers
  3 gargoyles
  A yaktaur (shapeshifter) (D:14)
  An unseen horror (D:11)
  2 kobold demonologists
  20 komodo dragons
  2 rime drakes (Lair:1)
  5 ice devils (IceCv)
  2 anaconda simulacra (IceCv)
  2 efreet (D:13)
  A golden dragon simulacrum (IceCv)
  11 entropy weaver simulacra (IceCv)
  A freezing wraith (IceCv)
  2 tengu conjurers (D:14)
  6 trolls
  23 jumping spiders
  4 tyrant leeches (Swamp:1)
  Grinder (D:3)
  13 slime creatures
  Prince Ribbit (D:6)
  11 hornets
  A polar bear (Lair:2)
  20 blink frogs
  A dream sheep (Lair:4)
  A shadow (D:14)
  33 redbacks
  9 spriggan simulacra (IceCv)
  Sigmund (D:2)
  5 wraiths
  2 dire elephant simulacra (IceCv)
  An air elemental (D:10)
  A water elemental (D:10)
  15 tarantellas
  Eustachio (D:6)
  48 yaks
  4 wyverns
  2 fire elementals
  9 minotaur simulacra (IceCv)
  A steam dragon (Lair:6)
  9 basilisks
  2 wargs
  Menkaure (D:5)
  9 vampire mosquitoes
  An acid dragon (D:11)
  6 swamp worms
  14 water moccasins
  4 hell hounds (Lair:6)
  A hydra simulacrum (IceCv)
  A meliai simulacrum (D:15)
  16 orc warriors
  3 swamp drakes (Swamp:1)
  3 elephant zombies (Lair:3)
  4 ice beasts
  2 alligator simulacra (IceCv)
  2 ettin simulacra (IceCv)
  8 necrophages
  5 black bears
  25 ogres
  8 wolves
  13 centaurs
  A lemure (D:7)
  3 phantoms
  8 kobold brigands
  2 komodo dragon zombies (Lair:3)
  12 bullfrogs
  2 gnoll sergeants
  2 earth elementals
  4 deep troll simulacra (IceCv)
  7 scorpions
  A wyvern skeleton (D:7)
  19 killer bees
  2 lindwurm simulacra (IceCv)
  4 wights (D:9)
  9 electric eels
  3 lava snakes (Lair:6)
  5 centaur zombies
  14 orc priests
  Crazy Yiuf (D:3)
  4 hounds
  2 jellies
  5 centaur skeletons
  An iguana (D:6)
  8 orc wizards
  A statue (D:11)
  2 killer bee zombies (D:7)
  A hound skeleton (D:4)
  A howler monkey skeleton (D:6)
  21 gnolls
  6 adders
  A shadow imp (D:6)
  A white imp (D:7)
  2 ufetubi (D:5)
  4 worms
  5 dart slugs
  70 orcs
  7 ball pythons
  8 endoplasms
  4 giant cockroaches
  12 goblins
  10 hobgoblins
  36 kobolds
  6 quokkas
  5 bats
  6 frilled lizards
  4 rats
980 creatures vanquished.

Vanquished Creatures (others)
  A dancing weapon (Elf:1)
  A molten gargoyle (Lair:6)
  A bloated husk (Swamp:1)
  4 foxfires (Swamp:1)
  21 fungi
  58 plants
86 creatures vanquished.

Grand Total: 1066 creatures vanquished

Notes
Turn   | Place    | Note
-------+----------+-------------------------------------------
     0 | D:1      | McIrco the Minotaur Fighter began the quest for the Orb.
     0 | D:1      | Reached XP level 1. HP: 19/19 MP: 0/0
   169 | D:1      | Reached skill level 4 in Shields
   194 | D:1      | Reached XP level 2. HP: 13/27 MP: 1/1
   450 | D:1      | Found a faded altar of an unknown god.
  1114 | D:2      | Reached XP level 3. HP: 33/33 MP: 2/2
  1217 | D:2      | Noticed Sigmund
  1228 | D:2      | Killed Sigmund
  1229 | D:2      | Reached skill level 5 in Armour
  1229 | D:2      | Reached skill level 1 in Dodging
  1229 | D:2      | Reached skill level 5 in Shields
  1229 | D:2      | Reached XP level 4. HP: 11/41 MP: 3/3
  1229 | D:2      | Reached XP level 5. HP: 13/47 MP: 4/4
  2119 | D:3      | Reached skill level 5 in Fighting
  2321 | D:3      | Found an ornate altar of the Wu Jian Council.
  2322 | D:3      | Noticed Grinder
  2327 | D:3      | Reached XP level 6. HP: 54/56 MP: 5/5
  2335 | D:3      | Killed Grinder
  2454 | D:3      | Found a basalt altar of Yredelemnul.
  2455 | D:3      | Found a radiant altar of Vehumet.
  2456 | D:3      | Found an ancient bone altar of Kikubaaqudgha.
  2457 | D:3      | Found an opulent altar of Gozag.
  2467 | D:3      | Became a worshipper of Gozag Ym Sagoz the Greedy
  2488 | D:3      | Reached skill level 6 in Shields
  2687 | D:3      | Found a runed translucent door.
  2688 | D:3      | Noticed Crazy Yiuf
  3131 | D:4      | Found Jaekaless's Jewellery Boutique.
  3519 | D:4      | Reached XP level 7. HP: 62/62 MP: 6/6
  3956 | D:4      | Found a bloodstained altar of Trog.
  4062 | D:4      | Found Nirox's Armour Boutique.
  4451 | D:4      | Found a blossoming altar of Fedhas.
  4766 | D:3      | Killed Crazy Yiuf
  4816 | D:5      | Entered Level 5 of the Dungeon
  4817 | D:5      | Found an iron altar of Okawaru.
  4829 | D:5      | Identified the +11 mace of Zosoxzuets {drain, rElec rN+
                  | Str-2 Dex+3}
  4842 | D:5      | Reached skill level 7 in Shields
  4842 | D:5      | Reached XP level 8. HP: 49/71 MP: 7/7
  5059 | D:5      | Found a staircase to the Ecumenical Temple.
  5424 | D:5      | Noticed Menkaure
  5860 | D:5      | Found a broken altar of Ashenzari.
  5887 | D:5      | Killed Menkaure
  5894 | D:5      | Reached skill level 8 in Shields
  6151 | D:6      | Noticed Prince Ribbit
  6165 | D:6      | Killed Prince Ribbit
  6194 | D:6      | Reached skill level 9 in Shields
  6301 | D:6      | Noticed Eustachio
  6312 | D:6      | Killed Eustachio
  6313 | D:6      | Reached XP level 9. HP: 66/79 MP: 8/8
  6975 | D:7      | Reached skill level 10 in Shields
  7004 | D:7      | Reached skill level 10 in Armour
  7260 | D:7      | Reached skill level 11 in Shields
  7854 | D:7      | Noticed Pikel
  7880 | D:7      | Killed Pikel
  7881 | D:7      | Reached XP level 10. HP: 87/90 MP: 9/9
  8056 | D:8      | Reached skill level 1 in Maces & Flails
  8056 | D:8      | Reached skill level 12 in Shields
  9032 | D:8      | Found a white marble altar of Elyvilon.
  9455 | D:9      | Noticed a two-headed ogre
  9464 | D:9      | Killed a two-headed ogre
  9616 | D:9      | Noticed a two-headed ogre
  9627 | D:9      | Killed a two-headed ogre
  9628 | D:9      | Reached skill level 13 in Shields
 10273 | D:9      | Reached skill level 5 in Maces & Flails
 10318 | D:9      | Found Marph's Jewellery Emporium.
 10545 | D:9      | Reached XP level 11. HP: 76/97 MP: 10/10
 10927 | D:10     | Entered Level 10 of the Dungeon
 11177 | D:10     | Noticed Josephine
 11190 | D:10     | Killed Josephine
 11419 | D:10     | Noticed a two-headed ogre
 11429 | D:10     | Killed a two-headed ogre
 11739 | D:10     | Found a large runed translucent door.
 11739 | D:10     | Found a large runed translucent door.
 11792 | D:10     | Reached skill level 14 in Shields
 12040 | D:10     | Paralysed by an air elemental for 1 turns
 12045 | D:10     | Paralysed by an air elemental for 1 turns
 12409 | D:11     | Reached skill level 10 in Fighting
 12823 | D:11     | Noticed a two-headed ogre
 12832 | D:11     | Killed a two-headed ogre
 12976 | D:11     | Found a staircase to the Orcish Mines.
 13047 | D:11     | Found Olaath's Book Emporium.
 13061 | D:11     | Noticed an obsidian statue
 13062 | D:11     | Noticed a sixfirhy
 13309 | D:11     | Reached XP level 12. HP: 107/107 MP: 11/11
 13356 | D:11     | Noticed a two-headed ogre
 13362 | D:11     | Killed a two-headed ogre
 13451 | D:11     | Noticed a two-headed ogre
 13490 | D:11     | Found a staircase to the Lair.
 13539 | D:11     | Found a faded altar of an unknown god.
 13669 | D:11     | Found a radiant altar of Vehumet.
 13843 | D:11     | Killed a two-headed ogre
 14182 | D:11     | Reached XP level 13. HP: 106/114 MP: 12/12
 14395 | Lair:1   | Entered Level 1 of the Lair of Beasts
 14424 | Lair:1   | Reached skill level 15 in Shields
 15025 | Lair:1   | Reached skill level 10 in Maces & Flails
 16284 | Lair:2   | Noticed Erica
 16292 | Lair:2   | Killed Erica
 17741 | Lair:3   | Found a hole to the Spider Nest.
 17753 | Lair:3   | Reached skill level 16 in Shields
 18458 | Lair:3   | Found a staircase to the Swamp.
 18472 | Lair:3   | Reached XP level 14. HP: 119/125 MP: 13/13
 19780 | Lair:4   | Found the +3 pair of seven-league boots {Rampage+∞}
 20233 | Lair:5   | Found a runed translucent door.
 20239 | Lair:5   | Found a viscous altar of Jiyva.
 20521 | Lair:5   | Reached skill level 17 in Shields
 20657 | Lair:5   | Identified the +0 pair of boots "Xudyl" {rC+++ Int-5 Dex+4
                  | Stlth-}
 20704 | Lair:5   | Found a runed translucent gate.
 20704 | Lair:5   | Found a runed translucent gate.
 20704 | Lair:5   | Found a runed translucent gate.
 20705 | Lair:5   | Noticed Ycoiwk's ghost (journeyman OpVM)
 20990 | Lair:5   | Found a staircase to the Slime Pits.
 21065 | Lair:6   | Entered Level 6 of the Lair of Beasts
 21206 | Lair:6   | Noticed Nessos
 21225 | Lair:6   | Killed Nessos
 21986 | Lair:6   | Found a large runed translucent door.
 21987 | Lair:6   | Found a large runed translucent door.
 22741 | D:12     | Found Durimi's General Store.
 22760 | D:12     | Reached XP level 15. HP: 135/135 MP: 14/14
 23112 | D:12     | Bought a potion of heal wounds for 80 gold pieces
 23146 | D:13     | Reached skill level 18 in Shields
 23867 | D:13     | Found a gate to the Vaults.
 23979 | D:14     | Noticed Snorg
 23990 | D:14     | Killed Snorg
 24075 | D:14     | Identified a scroll of acquirement
 24075 | D:14     | Acquired a scarf of repulsion
 24092 | D:14     | Lost intelligence.
 24120 | D:14     | Found a frozen archway.
 24141 | IceCv    | Entered an ice cave
 24146 | IceCv    | Reached skill level 19 in Shields
 24905 | IceCv    | Noticed an Ice Fiend
 25435 | IceCv    | Killed an Ice Fiend
 26067 | D:14     | Found a shadowy altar of Dithmenos.
 26267 | D:14     | Reached skill level 20 in Shields
 26299 | D:15     | Entered Level 15 of the Dungeon
 26359 | D:15     | Reached XP level 16. HP: 146/146 MP: 15/15
 26381 | D:15     | Found Pyumuguf's Magic Scroll Emporium.
 26386 | D:15     | Bought a scroll of teleportation for 45 gold pieces
 26386 | D:15     | Bought a scroll of blinking for 112 gold pieces
 26676 | D:15     | Found a staircase to the Depths.
 27204 | D:15     | Bought a scroll of identify for 30 gold pieces
 27204 | D:15     | Bought a scroll of identify for 30 gold pieces
 27204 | D:15     | Bought a scroll of identify for 30 gold pieces
 27294 | Orc:1    | Entered Level 1 of the Orcish Mines
 27509 | Orc:2    | Entered Level 2 of the Orcish Mines
 27547 | Orc:2    | Reached skill level 15 in Armour
 27733 | Orc:2    | Found a runed translucent door.
 27737 | Orc:2    | Noticed Jano's ghost (journeyman DjCj)
 27884 | Orc:2    | Found a staircase to the Elven Halls.
 27903 | Orc:2    | Found Rotsir's Distillery.
 27903 | Orc:2    | Found Zyenolud's Magic Scroll Emporium.
 27903 | Orc:2    | Found Zeamas's Weapon Emporium.
 27903 | Orc:2    | Found Siuwkox's Antique Armour Boutique.
 27979 | Orc:2    | Reached skill level 1 in Evocations
 28059 | Orc:2    | Bought a pair of runed gloves for 262 gold pieces
 28059 | Orc:2    | Bought a pair of embroidered boots for 262 gold pieces
 28083 | Orc:2    | Bought a potion of curing for 54 gold pieces
 28083 | Orc:2    | Bought 2 potions of curing for 108 gold pieces
 28083 | Orc:2    | Bought a potion of heal wounds for 90 gold pieces
 28083 | Orc:2    | Bought a potion of heal wounds for 90 gold pieces
 28083 | Orc:2    | Bought a potion of might for 72 gold pieces
 28083 | Orc:2    | Bought a potion of heal wounds for 90 gold pieces
 28083 | Orc:2    | Bought a potion of heal wounds for 90 gold pieces
 28336 | Orc:2    | Killed Jano's ghost
 28346 | Orc:2    | Got the Compendium of Lightness and Conjuration
 28394 | Orc:2    | Bought a scroll of magic mapping for 45 gold pieces
 28394 | Orc:2    | Bought a scroll of magic mapping for 45 gold pieces
 28414 | Elf:1    | Entered Level 1 of the Elven Halls
 28478 | Orc:2    | Reached skill level 5 in Evocations
 28918 | Depths:1 | Entered Level 1 of the Depths
 28952 | Depths:1 | Noticed a lich
 28960 | Depths:1 | Killed a lich
 28981 | Depths:1 | Found a broken altar of Ashenzari.
 29007 | Depths:1 | Found Alerr's Magic Scroll Emporium.
 29029 | Depths:1 | Found a one-way gate to the infinite horrors of the Abyss.
 29277 | Depths:1 | Reached skill level 21 in Shields
 29277 | Depths:1 | Reached XP level 17. HP: 139/154 MP: 16/16
 29342 | Depths:1 | Found a gateway to Hell.
 29576 | Depths:1 | Reached skill level 15 in Fighting
 30036 | Depths:1 | Found Ugajyrhu's Book Emporium.
 30038 | Depths:1 | Found Yciunk's Jewellery Shop.
 30039 | Depths:1 | Found Kuilol's Book Emporium.
 30377 | Depths:2 | Found Xaid Zeu's Weapon Shoppe.
 30780 | Swamp:1  | Entered Level 1 of the Swamp
 31113 | Swamp:1  | Reached skill level 22 in Shields
 31884 | Depths:1 | Bought a ring of poison resistance for 320 gold pieces
 32134 | Spider:1 | Entered Level 1 of the Spider Nest
 32358 | Spider:1 | Noticed Donald
 32378 | Spider:1 | Killed Donald
 33055 | Spider:2 | Reached XP level 18. HP: 166/166 MP: 17/17
 33817 | Spider:3 | Noticed Bai Suzhen
 33841 | Spider:3 | Killed Bai Suzhen
 33842 | Spider:3 | Reached skill level 23 in Shields
 33850 | Spider:3 | Noticed Jorgrun
 33863 | Spider:3 | Killed Jorgrun
 33996 | Spider:2 | HP: 4/250 [wolf spider (9)]
 33996 | Spider:2 | Slain by a wolf spider

Illustrated notes

Levels and vault maps discovered:
D:1:      minmay_arrival_four_circles, layout_basic,
          shapermc_ecumenical_altar_acropolis
D:2:      layout_loops_ring, minmay_misc_feat_more_columns,
          minmay_close_crescents, uniq_sigmund
D:3:      layout_rooms, grunt_temple_overflow_open,
          chequers_serial_rivers_micro_d, wander_ebering_terrifying_dragon_lair,
          uniq_crazy_yiuf_cottage, uniq_grinder
D:4:      layout_loops_cross, trog_hazing_becter,
          mainiacjoe_overflow_surrounded_room, serial_shops, nicolae_shop_trees,
          minmay_misc_feat_rows, nicolae_stop_n_shop_2, moated_statue
D:5:      layout_rooms, mainiacjoe_overflow_alcove_1, okawaru_ov_weapons_minmay,
          temple_statues, uniq_menkaure
D:6:      layout_cave_pools, uniq_prince_ribbit1, uniq_eustachio
D:7:      corexii_shantytown, layout_basic, serial_bayou_pond_a,
          minmay_quadrilaterals, uniq_pikel
D:8:      layout_layer_cave, lemuel_tele_altar
D:9:      layout_roguey, serial_shops, shop_coins, minmay_misc_feat_roman,
          kennysheep_boxes
D:10:     layout_loops_cross, lightli_elemental_guards, uniq_josephine
D:11:     layout_big_octagon, dpeg_oklobed_lair, david_orc_3,
          serial_column_ruins, column_ruins_temple_hut,
          column_ruins_square_medium, column_ruins_open_tiny,
          column_ruins_open_tiny, column_ruins_grid_1,
          column_ruins_open_tiny_water, column_ruins_open_small,
          column_ruins_grid_1, serial_shops, shop, minivault_16, vehumet_statue
D:12:     layout_loops_cross, serial_shops, nicolae_shop_crystal
D:13:     layout_cave_pools, hangedman_vaults_entry_quadrant_bands
D:14:     layout_small_grid, portal_ice_cave_entry_ice_statue_one,
          grunt_dithmenos_shadows, minivault_16, uniq_snorg
D:15:     hangedman_depths_entry_civil_slaughter, layout_cave_pods,
          hangedman_abyss_or_decor_stabs, serial_shops, shop
Lair:1:   layout_layer_cave, infiniplex_staircase_pool_2
Lair:2:   layout_small_grid, serial_bayou_pond_d, minmay_stone_trees_large,
          serial_bayou_pond_a, gammafunk_lair_bear_cave, uniq_erica
Lair:3:   pond_and_an_island_with_a_cottage, layout_regular_city,
          minmay_swamp_entry_worms, nicolae_spider_entry_non_spiders,
          roderic_carrion_pond
Lair:4:   layout_roguey, amcnicky_mini_pool_medium, grunt_megastairs_5,
          minmay_lair_oklob_chamber
Lair:5:   layout_regular_city, slime_altar_2, gammafunk_ghost_necromancy
Lair:6:   cheibrodos_lair_end_hotspot, layout_cellular_growth, uniq_nessos
Swamp:1:  layout_basic_swamp, evilmike_swamp_ruin_house_3, swamp_pool4,
          hangedman_swamp_lotus, ldierk_geyser
Spider:1: layout_spider_delve, nicolae_spider_wall_of_niches, uniq_donald
Spider:2: layout_spider_delve
Spider:3: layout_spider_delve, uniq_bai_suzhen, uniq_jorgrun
Orc:1:    layout_caves, minmay_orc_temple_a
Orc:2:    st_orc_ogre_mass, layout_diamond_mine, basic_altar,
          ebering_ghost_inner_flame
Elf:1:    nicolae_elf_arrival_no_cutting_in_line, layout_rooms, enter_trove_1,
          serial_shops, nicolae_shop_stone,
          hangedman_elven_crosses_minicolossus, grunt_megastairs_3
Depths:1: layout_gridlike, serial_shops, nicolae_shop_waterfront, hell_entry,
          abyss_entry, ashenzari_conservatory_becter, minmay_shop_grove,
          grunt_megastairs_2
Depths:2: minmay_the_grid_octo_tiled_octocenter
          [minmay_the_grid_octo_vomiting_pacman, minmay_the_grid_octo_focus,
          minmay_the_grid_octo_tetromino_candy, minmay_the_grid_octo_horde,
          minmay_the_grid_octo_prize_square_snowflake,
          minmay_the_grid_square_5x5_seven,
          minmay_the_grid_square_5x5_checkered,
          minmay_the_grid_square_5x5_six_small,
          minmay_the_grid_square_5x5_minimal], layout_gridville,
          enter_ziggurat_b, led_sif_pool, serial_shops, nicolae_stop_n_shop_2,
          hell_entry, rand_demon_pan_entry_9, kennysheep_windowed_goal

Skill      XL: |  1  2  3  4  5  6  7  8  9 10 11 12 13 14 15 16 17 18 |
---------------+-------------------------------------------------------+-----
Shields        | 4 5 6 7 9 11 13 14 16 17 20 21 22 23 | 23.1
Armour         | 4 5 6 7 9 10 11 12 13 14 15 16 | 16.4
Fighting       | 4 5 6 7 8 9 10 11 13 14 16 | 16.3
Dodging        | 1 2 3 9 |  9.8
Maces & Flails | 5 8 11 13 | 13.9
Evocations     | 8 |  8.0
Axes           | |  2.4

Action                   |  1- 3 |  4- 6 |  7- 9 | 10-12 | 13-15 | 16-18 || total
-------------------------+-------+-------+-------+-------+-------+-------++-------
Melee: War axe           |    53 |    61 |   236 |       |       |       ||   350
       Headbutt          |     6 |    13 |    71 |   106 |   557 |   470 ||  1223
       Mace              |       |       |   120 |   401 |  1565 |  1311 ||  3397
Invok: Potion Petition   |       |       |       |       |     1 |       ||     1
Evoke: Wand              |       |     4 |       |       |       |       ||     4
       Piece from Xom's  |       |       |       |       |     1 |       ||     1
       Tin of tremorston |       |       |       |       |       |     4 ||     4
       Phial of floods   |       |       |       |       |       |     2 ||     2
       Condenser vane    |       |       |       |       |       |     1 ||     1
  Use: Potion            |     1 |       |     2 |     2 |     5 |     2 ||    12
       Scroll            |       |       |    10 |     6 |    10 |     7 ||    33
 Stab: Distracted        |       |       |     2 |     9 |    16 |    11 ||    38
       Petrified         |       |       |       |       |     4 |       ||     4
       Petrifying        |       |       |       |       |     3 |       ||     3
Armor: Scale mail        |    23 |    25 |       |       |       |       ||    48
       Plate armour      |       |       |   222 |   205 |   374 |       ||   801
       Crystal plate arm |       |       |       |       |   169 |   662 ||   831
Dodge: Dodged            |    13 |    32 |    50 |    90 |   346 |   390 ||   921
Block: Kite shield       |    28 |    29 |       |       |       |       ||    57
       Tower shield      |       |       |   362 |   483 |  1367 |  1253 ||  3465

Table legend: (Time is in decaauts)
 A = Elapsed time spent in this place.
 B = Non-inter-level travel time spent in this place.
 C = Inter-level travel time spent in this place.
 D = Time resting spent in this place.
 E = Time spent auto-exploring this place.
 F = Levels seen in this place.
 G = Mean time per level.
                   A        B        C        D        E       F      G
               +--------+--------+--------+--------+--------+-----+--------+
         Total |  34247 |  31895 |   2352 |   3295 |  21523 |  31 | 1104.7 |
       Dungeon |  18751 |  17410 |   1341 |   2206 |  11704 |  15 | 1250.1 |
          Lair |   8366 |   7696 |    670 |    526 |   5726 |   6 | 1394.3 |
         Swamp |    875 |    850 |     25 |     12 |    561 |   1 |  875.0 |
   Spider Nest |   1804 |   1697 |    107 |    159 |   1093 |   3 |  601.3 |
  Orcish Mines |   1291 |   1162 |    129 |      0 |    852 |   2 |  645.5 |
   Elven Halls |    147 |    147 |      0 |      0 |     26 |   1 |  147.0 |
        Depths |   1617 |   1540 |     77 |    117 |    990 |   2 |  808.5 |
      Ice Cave |   1393 |   1393 |      0 |    275 |    569 |   1 | 1393.0 |
               +--------+--------+--------+--------+--------+-----+--------+

Top non-repeatable levels by time:
    D:11: 1887 daAuts
     D:4: 1797 daAuts
  Lair:1: 1767 daAuts
    D:10: 1758 daAuts
  Lair:3: 1655 daAuts
  Lair:2: 1593 daAuts
Depths:1: 1546 daAuts
     D:9: 1539 daAuts
     D:8: 1534 daAuts
     D:3: 1492 daAuts
   IceCv: 1393 daAuts
  Lair:6: 1268 daAuts
  Lair:4: 1188 daAuts
     D:1: 1103 daAuts
     D:7: 1100 daAuts
